 Dungeon Crawl Stone Soup version 0.28-a0-1629-gf728b707aa (webtiles) character file.

Game seed: 11903454744641352715

637 Ajdolov the Poker (level 7, 0/67 HPs)
             Began as a Naga Monk on Jan 24, 2022.
             Was a Believer of Cheibriados.
             Succumbed to a kobold's poison
             ... on level 4 of the Dungeon on Jan 25, 2022.
             The game lasted 00:10:58 (5013 turns).

Ajdolov the Poker (Naga Monk)                       Turns: 5013, Time: 00:10:59

Health: 0/67       AC:  6    Str: 17    XL:     7   Next: 50%
Magic:  7/7        EV:  8    Int: 16    God:    Cheibriados [**....]
Gold:   101        SH:  0    Dex: 18    Spells: 6/6 levels left

rFire   . . .      SeeInvis +   a - +0 spear
rCold   . . .      Faith    .   (no shield)
rNeg    . . .      Spirit   .   l - +0 scale mail
rPois   +          Reflect  .   (no helmet)
rElec   .          Harm     .   (no cloak)
rCorr   .          Rampage  .   f - +0 pair of gloves
Will    .....                   (no barding)
Stlth   +.........              (no amulet)
HPRegen 0.21/turn               (no ring)
MPRegen 0.10/turn               (no ring)

@: lethally poisoned (0 -> -1), short of breath, very slow
A: AC +2, large, see invisible, deformed body, poison resistance, slowness 2,
spit poison 1, naga tail 1
a: Spit Poison, Renounce Religion, Bend Time


You were on level 4 of the Dungeon.
You worshipped Cheibriados.
Cheibriados was pleased with you.
You visited 2 branches of the dungeon, and saw 5 of its levels.

You collected 101 gold pieces.

Inventory:

Hand Weapons
 a - a +0 spear (weapon)
Missiles
 n - 2 throwing nets
Armour
 b - a +0 robe
 f - a +0 pair of gloves (worn)
 l - a +0 scale mail (worn)
Scrolls
 c - 3 scrolls of identify
Potions
 j - a potion of brilliance


   Skills:
 - Level 5.0 Fighting
 * Level 7.4 Polearms
 - Level 2.4 Dodging
 - Level 3.0 Stealth


You had 6 spell levels left.
You didn't know any spells.
Your spell library contained the following spells:

 Spells                   Type           Power      Damage    Failure   Level
 Shock                    Conj/Air       0%         1d3       67%         1
 Summon Guardian Golem    Hex/Summ       0%         N/A       95%         3
 Swiftness                Air            0%         N/A       95%         3
 Airstrike                Air            0%         N/A       100%        4
 Alistair's Intoxication  Tmut/Pois      0%         N/A       100%        5
 Borgnjor's Vile Clutch   Necr/Erth      0%         N/A       100%        5
 Eringya's Noxious Bog    Tmut/Pois      0%         N/A       100%        6
 Orb of Destruction       Conj           0%         9d5       100%        7
 Spellforged Servitor     Conj/Summ      0%         N/A       100%        7


Dungeon Overview and Level Annotations

Branches:
Dungeon (4/15)             Temple (1/1) D:4

Altars:
Ashenzari
Cheibriados
Elyvilon
Fedhas
Gozag
Hepliaklqana
Kikubaaqudgha
Nemelex Xobeh
Qazlal
Ru
Sif Muna
Trog
Uskayaw
Vehumet
Zin
The Shining One

Annotations:
D:3 3 runed translucent doors, RNPValinor's ghost, amateur PaFi
D:4 Edmund; Robin


Innate Abilities, Weirdness & Mutations

Your serpentine skin is tough. (AC +2)
You have supernaturally acute eyesight. (SInv)
Armour fits poorly on your strangely shaped body.
Your system is resistant to poisons. (rPois)
You cover ground very slowly.
You can spit poison.
You have a snake-like lower body.


Message History

The kobold hits you but does no damage.
Edmund looks more healthy.
The kobold barely misses you.
The kobold throws a poisoned dart.
The poisoned dart hits you!
You are poisoned.
You feel very sick. The kobold barely misses you.
You closely miss the kobold.
You feel sick. The kobold hits you but does no damage.
You hit the kobold.
You kill the kobold!
Cheibriados appreciates the change of pace.
You feel sick.
You feel sick. The giant cockroach bites you.
* * * LOW HITPOINT WARNING * * *
You feel sick.
The giant cockroach waves its antennae.
The giant cockroach closely misses you. The giant cockroach barely misses you.
You feel sick.
The giant cockroach bites you but does no damage.
The giant cockroach closely misses you.
Aiming: Spit Poison (1% risk of failure)
Press: ? - help, Shift-Dir - straight line, f/p - Edmund
Aim: Edmund, wielding a +1 flail of protection and wearing a +0 ring mail (moderately wounded, 65% to hit)
The splash of poison hits the giant cockroach!
The giant cockroach is poisoned.
You kill the giant cockroach!
Cheibriados appreciates the change of pace.
You feel sick.
Okay, then.
As you read the scroll labelled NOYLES HAOZOARGH, it crumbles to dust.
It is a scroll of identify.
You don't have any unidentified items.
You feel sick.
Edmund hits you with a +1 flail of protection.
* * * LOW HITPOINT WARNING * * *
Okay, then.
Okay, then.
Unknown command.
Okay, then.
You die...

###.######
##.##..........[.#### #.#
#†######............ #.#
#.# #.####.#.#### .##<###
#.# ####.####.#.####
......########.#
#...>......)...#
.##............#
#.##.###........
###.########## #.##.#
#.#####)# #.# ######## #.#
#.# #.# ##@...#####.# #.#
#####.#########.####.#)(#.#
#.# .....<........#@#
#.#.)#######..
#####.#########.#
#)###..#...... ##.##
#.####.###..#######
###...#########..#.##..###
#......@.§§§§##..#.##..###
##.#...#####§####'#.####..#
....#..# #§§K§..#.####..#


You could see Edmund.

Vanquished Creatures
  A black bear (D:4)
  A necrophage (D:3)
  A phantom (D:4)
  A bullfrog (D:4)
  A centaur skeleton (D:3)
  2 orc priests (D:3)
  An orc wizard (D:4)
  A hound skeleton (D:4)
  5 gnolls
  5 adders
  An ufetubus (D:4)
  2 adder skeletons (D:4)
  A worm (D:3)
  A dart slug (D:3)
  8 orcs
  7 ball pythons
  7 bats
  5 endoplasms
  6 giant cockroaches
  12 goblins
  9 hobgoblins
  2 jackals (D:1)
  4 kobolds
  3 quokkas (D:1)
  2 rats
89 creatures vanquished.

Vanquished Creatures (others)
  A fungus (D:4)
1 creature vanquished.

Grand Total: 90 creatures vanquished

Notes
Turn   | Place    | Note
-------+----------+-------------------------------------------
     0 | D:1      | Ajdolov the Naga Monk began the quest for the Orb.
     0 | D:1      | Reached XP level 1. HP: 21/21 MP: 1/1
   160 | D:1      | Reached XP level 2. HP: 26/28 MP: 2/2
  1025 | D:2      | Reached XP level 3. HP: 32/34 MP: 3/3
  1133 | D:2      | Found a faded altar of an unknown god.
  1246 | D:2      | Reached skill level 4 in Polearms
  1533 | D:2      | Reached XP level 4. HP: 42/43 MP: 4/4
  1843 | D:3      | Found a runed translucent gate.
  1843 | D:3      | Found a runed translucent gate.
  1846 | D:3      | Found a runed translucent gate.
  1846 | D:3      | Noticed a kobold brigand
  1846 | D:3      | Noticed RNPValinor's ghost (amateur PaFi)
  1926 | D:3      | Reached XP level 5. HP: 25/50 MP: 5/5
  2232 | D:3      | Noticed a +0 falchion
  2232 | D:3      | Noticed a +0 spear
  2235 | D:3      | Noticed a +0 short sword
  2238 | D:3      | Noticed a +0 dagger
  2239 | D:3      | Noticed a +0 spear
  2239 | D:3      | Noticed a necrophage
  2239 | D:3      | Noticed a +0 dagger
  2239 | D:3      | Noticed a +0 short sword
  2240 | D:3      | Noticed a +0 falchion
  2249 | D:3      | Reached skill level 5 in Polearms
  2281 | D:3      | Killed a necrophage
  2282 | D:3      | Reached XP level 6. HP: 13/58 MP: 6/6
  2535 | D:3      | Found a hide-covered altar of Uskayaw.
  2887 | D:3      | Found a sparkling altar of Nemelex Xobeh.
  3021 | D:3      | HP: 1/58 [gnoll (6)]
  3025 | D:3      | Reached skill level 6 in Polearms
  3481 | D:4      | Noticed Robin
  4018 | D:4      | Reached skill level 5 in Fighting
  4018 | D:4      | Reached XP level 7. HP: 60/67 MP: 7/7
  4110 | D:4      | Reached skill level 7 in Polearms
  4699 | D:4      | Found a staircase to the Ecumenical Temple.
  4720 | Temple   | Entered the Ecumenical Temple
  4777 | Temple   | Became a worshipper of Cheibriados the Contemplative
  4777 | Temple   | Reached * piety under Cheibriados
  4777 | Temple   | Reached ** piety under Cheibriados
  4818 | D:4      | Noticed Edmund
  5012 | D:4      | HP: 1/67 [Edmund (4)]
  5013 | D:4      | Succumbed to a kobold's poison

Illustrated notes

Levels and vault maps discovered:
D:1:      enne_arrival_octagon_isle, layout_rooms, minmay_misc_feat_ornament
D:2:      layout_basic, hellmonk_ecumenical_altar_crossroads
D:3:      layout_basic, mainiacjoe_overflow_catwalk, nicolae_uskayaw_en_pointe,
          gammafunk_ghost_nasty_kobolds, minmay_tree_intersection
D:4:      minmay_chambers_of_fours, layout_loops_ring,
          minmay_temple_entry_wispy, uniq_crazy_yiuf_cottage, uniq_robin,
          uniq_edmund
Temple:   regret_index_temple_waves

Skill      XL: |  1  2  3  4  5  6  7 |
---------------+----------------------+-----
Polearms       | 4 5 6 7 |  7.4
Fighting       | 4 5 |  5.0
Dodging        | |  2.4
Stealth        | |  3.0

Action                   |  1- 3 |  4- 6 |  7- 9 || total
-------------------------+-------+-------+-------++-------
Melee: Spear             |   121 |   226 |    87 ||   434
       Punch             |     1 |     3 |     1 ||     5
 Abil: Spit Poison       |     8 |    12 |     8 ||    28
  Use: Potion            |       |     2 |     3 ||     5
       Scroll            |       |       |     5 ||     5
 Stab: Sleeping          |     5 |     5 |       ||    10
       Distracted        |     1 |       |       ||     1
Armor: Robe              |    18 |    17 |       ||    35
       Scale mail        |       |    26 |    56 ||    82
Dodge: Dodged            |    58 |    62 |    46 ||   166

Table legend: (Time is in decaauts)
 A = Elapsed time spent in this place.
 B = Non-inter-level travel time spent in this place.
 C = Inter-level travel time spent in this place.
 D = Time resting spent in this place.
 E = Time spent auto-exploring this place.
 F = Levels seen in this place.
 G = Mean time per level.
                   A        B        C        D        E       F      G
               +--------+--------+--------+--------+--------+-----+--------+
         Total |   5892 |   5708 |    184 |   1059 |   3687 |   5 | 1178.4 |
       Dungeon |   5632 |   5525 |    107 |    959 |   3626 |   4 | 1408.0 |
        Temple |    260 |    184 |     76 |    100 |     61 |   1 |  260.0 |
               +--------+--------+--------+--------+--------+-----+--------+

Top non-repeatable levels by time:
     D:3: 2267 daAuts
     D:4: 1200 daAuts
     D:1: 1170 daAuts
     D:2: 993 daAuts
  Temple: 260 daAuts
